 Dungeon Crawl Stone Soup version 0.18-a0-1078-gebb93d0 (webtiles) character file.

115 ater218 the Shield-Bearer (level 4, -5/34 HPs)
             Began as a Vampire Fighter on Jan 14, 2016.
             Slain by an ogre
             ... wielding a +0 giant spiked club
              (19 damage)
             ... on level 4 of the Dungeon.
             The game lasted 00:13:21 (3454 turns).

ater218 the Shield-Bearer (Vampire Fighter)         Turns: 3454, Time: 00:13:22

Health: -5/34      AC:  6    Str: 15    XL:     4   Next: 68%
Magic:  4/4        EV:  8    Int: 11    God:
Gold:   133        SH:  9    Dex: 15    Spells: 0 memorised, 3 levels left

rFire  . . .     SeeInvis +     f - +1 short sword (venom)
rCold  . . .     Gourm    .     b - +0 scale mail
rNeg   + . .     Faith    .     c - +0 shield
rPois  .         Spirit   .     (no helmet)
rElec  .         Dismiss  +     (no cloak)
rCorr  .         Reflect  .     (no gloves)
SustAt .         Harm     .     (no boots)
MR     .....                    i - amulet of dismissal
Stlth  ..........               k - +2 ring of dexterity
                                h - ring of flight

@: not resistant to hostile enchantments, extremely unstealthy
A: fangs 3, see invisible, unbreathing
a: Bat Form, Evoke Flight


You were on level 4 of the Dungeon.
You were not thirsty.

You visited 1 branch of the dungeon, and saw 4 of its levels.

You collected 133 gold pieces.

Inventory:

Hand Weapons
 a - a +0 long sword
 f - a +1 short sword of venom (weapon)
Armour
 b - a +0 scale mail (worn)
 c - a +0 shield (worn)
Jewellery
 h - a ring of flight (left hand)
 i - an amulet of dismissal (around neck)
 k - a +2 ring of dexterity (right hand)
 r - an uncursed ring of sustain attributes
Scrolls
 g - a scroll of amnesia {unknown}
 l - 2 scrolls of magic mapping {unknown}
 n - a scroll of random uselessness {unknown}
 o - a scroll of fog {unknown}
 q - a scroll of identify {unknown}
Potions
 d - a potion of might
 e - 16 potions of blood
 j - a potion of brilliance {unknown}
 m - a potion of ambrosia {unknown}
 p - a potion of flight {unknown}


   Skills:
 + Level 2.9 Fighting
 * Level 1.2(2.0) Short Blades
 * Level 2.2(2.3) Long Blades
 + Level 3.0 Armour
 * Level 2.4 Dodging
 + Level 3.3 Shields


You had 3 spell levels left.
You didn't know any spells.

Dungeon Overview and Level Annotations

Branches:
Dungeon (4/15)
 Temple: D:4-7

Altars:


Innate Abilities, Weirdness & Mutations

You have razor-sharp teeth.
You have supernaturally acute eyesight.
You can survive without breathing.


Message History

The rat is heavily wounded.
The rat bites you but does no damage.
You hit the rat.
You kill the rat!
Done exploring.
Done exploring.
There is a stone staircase leading up here.
There is a stone staircase leading down here.
You climb downwards.
An ogre comes into view. It is wielding a giant spiked club.
Found 15 stones and 20 sling bullets.
Found a stone staircase leading down.
There is a stone staircase leading up here.
Found a ring mail.
The ogre hits you with a giant spiked club!
You hit the ogre.
The ogre is poisoned.
You bite the ogre, but do no damage.
The ogre is lightly wounded.
The ogre hits you with a giant spiked club!
The ogre hits you with a giant spiked club!!
Ouch! That really hurt!
You die...

#........#
#........#
#........#
#........#
#######........#
#.....#........#
#.....#........#
#.............@#
#............O.#
#......>.<.....#
.......#.########
......(..#
#......###
#..(... .......
..[


You could see an ogre.

Vanquished Creatures
  2 adders
  An ooze (D:2)
  3 worms
  A giant gecko (D:3)
  3 orcs (D:3)
  9 bats
  4 giant cockroaches
  12 goblins
  6 hobgoblins
  6 jackals
  9 kobolds
  4 quokkas
  A ball python (D:3)
  4 giant newts
  8 rats
73 creatures vanquished.

Notes
Turn   | Place    | Note
--------------------------------------------------------------
     0 | D:1      | ater218 the Vampire Fighter began the quest for the Orb.
     0 | D:1      | Reached XP level 1. HP: 17/17 MP: 1/1
   173 | D:1      | Reached skill level 1 in Dodging
   180 | D:1      | Reached XP level 2. HP: 16/23 MP: 2/2
  1766 | D:2      | Reached XP level 3. HP: 28/28 MP: 3/3
  1831 | D:2      | Reached skill level 3 in Shields
  2158 | D:2      | Reached skill level 1 in Short Blades
  2203 | D:2      | Reached XP level 4. HP: 34/34 MP: 4/4
  3438 | D:4      | Noticed an ogre
  3454 | D:4      | Slain by an ogre

Vault maps used:
D:1:      ncdulo_halloftheorcs
D:4:      first_bread

Action                   |  1- 3 |  4- 6 || total
-------------------------+-------+-------++-------
Melee: Long sword        |    20 |       ||    20
       Short sword       |   100 |    72 ||   172
  Use: Scroll            |     1 |       ||     1
       Potion            |     9 |       ||     9
  Eat: Corpse            |     1 |       ||     1
